MLB
TORONTO BLUE JAYS @ TEXAS RANGERS
06/19/2049
 
TOP OF THE 1ST
Toronto Blue Jays batting - Pitching for Texas Rangers : RHP Bas Kooy
Pitching: RHP Bas Kooy
Batting: RHB Donny Burnside 0-0: Ball
1-0: Fly out, F8 (Flyball, 8RD, EV 96.2 MPH)
Batting: RHB Danny Burnside 0-0: Ball
1-0: Foul Ball, location: 2F
1-1: SINGLE (Line Drive, 7LM, EV 96.2 MPH)
Batting: SHB Matt Altieri 0-0: Ball
1-0: Ball
2-0: Ball
3-0: Base on Balls
Danny Burnside to second
Batting: RHB Efrain Vargas 0-0: Called Strike
0-1: Swinging Strike
0-2: Strikes out swinging
Batting: SHB Dominik Hasek II 0-0: Ball
1-0: Called Strike
1-1: Ball
Wild Pitch!
Danny Burnside to third
Matt Altieri to second
2-1: Called Strike
2-2: DOUBLE (Groundball, 3L, EV 101.2 MPH)
Danny Burnside scores
Matt Altieri scores
Batting: RHB C.J. Richerson 0-0: Called Strike
0-1: Ball
1-1: Ball
Dominik Hasek II steals 3rd base
2-1: Foul Ball, location: 2F
2-2: Foul Ball, location: 2F
2-2: Strikes out swinging
Top of the 1st over - 2 runs, 2 hits, 0 errors, 1 left on base; Toronto 2 - Texas 0
BOTTOM OF THE 1ST
Texas Rangers batting - Pitching for Toronto Blue Jays : LHP Spencer Jones
Pitching: LHP Spencer Jones
Batting: LHB Sean Geisler 0-0: Ball
1-0: Called Strike
1-1: Ball
2-1: Ball
3-1: Foul Ball, location: 2F
3-2: Base on Balls
Batting: SHB Tony Prado 0-0: Called Strike
0-1: Ball
Sean Geisler steals 2nd base
1-1: Foul Ball, location: 2F
1-2: Ball
2-2: Foul Ball, location: 2F
2-2: SINGLE (Flyball, 5D, EV 93.1 MPH)
Sean Geisler to third
Batting: RHB Imbart Faber 0-0: Ball
1-0: Swinging Strike
1-1: Called Strike
Tony Prado steals 2nd base
1-2: Strikes out swinging
Batting: SHB John Giesbrecht 0-0: Called Strike
0-1: Foul Ball, location: 2F
0-2: Ball
1-2: Strikes out swinging
Batting: RHB Blake Ballard 0-0: Called Strike
0-1: Ball
1-1: Ball
2-1: Ball
3-1: Called Strike
3-2: Foul Ball, location: 2F
3-2: Foul Ball, location: 2F
3-2: Strikes out looking
Bottom of the 1st over - 0 runs, 1 hit, 0 errors, 2 left on base; Toronto 2 - Texas 0
TOP OF THE 2ND
Toronto Blue Jays batting - Pitching for Texas Rangers : RHP Bas Kooy
Batting: LHB Nate Dean 0-0: Foul Ball, location: 2F
0-1: Ground out 4-3 (Groundball, 4S, EV 83.8 MPH)
Batting: RHB Butch Kaiser 0-0: Ball
1-0: Swinging Strike
1-1: Called Strike
1-2: Strikes out looking
Batting: RHB Brock Van Gilder 0-0: SINGLE (Groundball, P, EV 77.5 MPH) (infield hit)
Batting: RHB Donny Burnside 0-0: Ball
1-0: Swinging Strike
1-1: Ball
2-1: Ball
3-1: Fly out, F8 (Line Drive, 8LD, EV 103.8 MPH)
Top of the 2nd over - 0 runs, 1 hit, 0 errors, 1 left on base; Toronto 2 - Texas 0
BOTTOM OF THE 2ND
Texas Rangers batting - Pitching for Toronto Blue Jays : LHP Spencer Jones
Batting: SHB Hans Mikkelsen 0-0: Ball
1-0: Foul Ball, location: 2F
1-1: Foul Ball, location: 2F
1-2: Strikes out looking
Batting: LHB Jake Rheaume 0-0: Called Strike
0-1: Called Strike
0-2: Strikes out swinging
Batting: RHB Hiroshige Yamada 0-0: Called Strike
0-1: Ball
1-1: Ball
2-1: Ground out 6-3 (Groundball, 6, EV 104.4 MPH)
Bottom of the 2nd over - 0 runs, 0 hits, 0 errors, 0 left on base; Toronto 2 - Texas 0
TOP OF THE 3RD
Toronto Blue Jays batting - Pitching for Texas Rangers : RHP Bas Kooy
Batting: RHB Danny Burnside 0-0: Called Strike
0-1: Foul Ball, location: 2F
0-2: Foul Ball, location: 2F
0-2: Ball
1-2: Strikes out swinging, 2-3 out at first.
Batting: SHB Matt Altieri 0-0: SINGLE (Groundball, 6MD, EV 105.6 MPH)
Batting: RHB Efrain Vargas 0-0: Ball
1-0: Ball
2-0: Fly out, F8 (Flyball, 89M, EV 86.2 MPH)
Batting: SHB Dominik Hasek II 0-0: Ground out 4-3 (Groundball, 4, EV 106.2 MPH)
Top of the 3rd over - 0 runs, 1 hit, 0 errors, 1 left on base; Toronto 2 - Texas 0
BOTTOM OF THE 3RD
Texas Rangers batting - Pitching for Toronto Blue Jays : LHP Spencer Jones
Batting: RHB John Peterson 0-0: Fly out, F8 (Flyball, 8RD, EV 101.9 MPH)
Batting: LHB Sean Geisler 0-0: Ball
1-0: Ball
2-0: Ball
3-0: Called Strike
3-1: Foul Ball, location: 2F
3-2: Fly out, F8 (Flyball, 8RD, EV 91.2 MPH)
Batting: SHB Tony Prado 0-0: Ball
1-0: Ball
2-0: Ball
3-0: Base on Balls
Batting: RHB Imbart Faber 0-0: Foul Ball, location: 2F
0-1: Ball
1-1: Ball
2-1: DOUBLE (Flyball, 8RXD, EV 98.8 MPH)
Tony Prado to third
Runner from 3rd tries for Home, SAFE, throw by CF to trailing runner, OUT at third! 8-3-5
Bottom of the 3rd over - 1 run, 1 hit, 0 errors, 0 left on base; Toronto 2 - Texas 1
TOP OF THE 4TH
Toronto Blue Jays batting - Pitching for Texas Rangers : RHP Bas Kooy
Batting: RHB C.J. Richerson 0-0: Ball
1-0: Swinging Strike
1-1: Ball
2-1: Called Strike
2-2: SINGLE (Line Drive, 78M, EV 90.6 MPH)
Batting: LHB Nate Dean 0-0: SINGLE (Line Drive, 5L, EV 100.6 MPH)
C.J. Richerson to second
Batting: RHB Butch Kaiser 0-0: Called Strike
0-1: Swinging Strike
0-2: Ball
1-2: SINGLE (Line Drive, 7S, EV 87.5 MPH)
C.J. Richerson to third
Nate Dean to second
Runner from 3rd tries for Home, SAFE, throw by LF to home
Nate Dean to third
Butch Kaiser to second
Batting: RHB Brock Van Gilder 0-0: Called Strike
0-1: Swinging Strike
0-2: Ground out 1-3 (Groundball, 25, EV 66.9 MPH)
Batting: RHB Donny Burnside 0-0: Ball
1-0: Ball
2-0: Foul Ball, location: 2F
2-1: Ball
3-1: Reached on error, E5 (Groundball, 5, EV 76.9 MPH)
Nate Dean scores
Butch Kaiser to third
Batting: RHB Danny Burnside 0-0: Ball
1-0: Fly out, F7 (Line Drive, 7S, EV 86.2 MPH)
Batting: SHB Matt Altieri 0-0: Swinging Strike
0-1: Called Strike
0-2: Ball
1-2: Foul Ball, location: 2F
1-2: Ball
Donny Burnside steals 2nd base
2-2: Fly out, F8 (Flyball, 8RXD, EV 87.5 MPH)
Top of the 4th over - 2 runs, 3 hits, 1 error, 2 left on base; Toronto 4 - Texas 1
BOTTOM OF THE 4TH
Texas Rangers batting - Pitching for Toronto Blue Jays : LHP Spencer Jones
Batting: SHB John Giesbrecht 0-0: Ball
1-0: SINGLE (Line Drive, 34, EV 93.8 MPH)
Batting: RHB Blake Ballard 0-0: Ball
1-0: Reached on error, E2 (Groundball, 2R, EV 69.4 MPH)
John Giesbrecht to second
Batting: SHB Hans Mikkelsen 0-0: Called Strike
0-1: Swinging Strike
0-2: SINGLE (Groundball, 6MD, EV 96.9 MPH)
John Giesbrecht to third
Blake Ballard to second
Runner from 3rd tries for Home, SAFE, throw by CF to home
Batting: LHB Jake Rheaume 0-0: Grounds into double play, 4-6-3 (Groundball, 4, EV 83.8 MPH)
Blake Ballard to third
Batting: RHB Hiroshige Yamada 0-0: Ball
1-0: Ball
2-0: Fly out, F7 (Flyball, 7S, EV 82.5 MPH)
Bottom of the 4th over - 1 run, 2 hits, 1 error, 1 left on base; Toronto 4 - Texas 2
TOP OF THE 5TH
Toronto Blue Jays batting - Pitching for Texas Rangers : RHP Bas Kooy
Batting: RHB Efrain Vargas 0-0: Fly out, F9 (Flyball, 89M, EV 95.6 MPH)
Batting: SHB Dominik Hasek II 0-0: Ball
1-0: Ground out U3 (Groundball, 34S, EV 84.4 MPH)
Batting: RHB C.J. Richerson 0-0: Ball
1-0: SINGLE (Groundball, 56S, EV 67.5 MPH) (infield hit)
Batting: LHB Nate Dean 0-0: Swinging Strike
0-1: Foul Ball, location: 2F
0-2: Ball
1-2: Ground out 6-3 (Groundball, 6D, EV 100.6 MPH)
Top of the 5th over - 0 runs, 1 hit, 0 errors, 1 left on base; Toronto 4 - Texas 2
BOTTOM OF THE 5TH
Texas Rangers batting - Pitching for Toronto Blue Jays : LHP Spencer Jones
Batting: RHB John Peterson 0-0: Swinging Strike
0-1: Ground out 4-3 (Groundball, 4, EV 91.2 MPH)
Batting: LHB Sean Geisler 0-0: Ball
1-0: Ball
2-0: Fly out, F9 (Flyball, 9LM, EV 90.6 MPH)
Batting: SHB Tony Prado 0-0: Foul Ball, location: 2F
0-1: Ball
1-1: Ball
2-1: Fly out, F9 (Flyball, 89M, EV 91.9 MPH)
Bottom of the 5th over - 0 runs, 0 hits, 0 errors, 0 left on base; Toronto 4 - Texas 2
TOP OF THE 6TH
Toronto Blue Jays batting - Pitching for Texas Rangers : RHP Bas Kooy
Batting: RHB Butch Kaiser 0-0: Ball
1-0: Ball
2-0: Called Strike
2-1: Foul Ball, location: 2F
2-2: Ground out 6-3 (Groundball, 6, EV 83.1 MPH)
Batting: RHB Brock Van Gilder 0-0: Ball
1-0: SINGLE (Line Drive, 8LS, EV 105.0 MPH)
Batting: RHB Donny Burnside 0-0: Ball
1-0: Called Strike
1-1: Ball
2-1: Ball
3-1: Base on Balls
Brock Van Gilder to second
Batting: RHB Danny Burnside 0-0: Ball
1-0: DOUBLE (Line Drive, 9LM, EV 103.8 MPH)
Brock Van Gilder scores
Donny Burnside to third
Runner from 3rd tries for Home, SAFE, no throw by RF
Pitching: LHP Dylan Batstone
Batting: SHB Matt Altieri 0-0: Ball
1-0: Ball
Danny Burnside steals 3rd base
2-0: Ball
3-0: Called Strike
3-1: Swinging Strike
3-2: Fly out, F7 (Flyball, 78M, EV 84.4 MPH)
Batting: RHB Efrain Vargas 0-0: Ball
1-0: Called Strike
1-1: Called Strike
1-2: Ball
2-2: Foul Ball, location: 2F
2-2: Ball
3-2: Ground out 5-3 (Groundball, 5, EV 80.6 MPH)
Top of the 6th over - 2 runs, 2 hits, 0 errors, 1 left on base; Toronto 6 - Texas 2
BOTTOM OF THE 6TH
Texas Rangers batting - Pitching for Toronto Blue Jays : LHP Spencer Jones
Batting: RHB Imbart Faber 0-0: Ball
1-0: Ground out 5-3 (Groundball, 56, EV 85.0 MPH)
Batting: SHB John Giesbrecht 0-0: Foul Ball, location: 2F
0-1: Called Strike
0-2: SOLO HOME RUN (Flyball, 8LXD, EV 101.9 MPH), Distance : 415 ft
Batting: RHB Blake Ballard 0-0: Called Strike
0-1: Ball
1-1: Foul Ball, location: 2F
1-2: Ball
2-2: Foul Ball, location: 2F
2-2: Foul Ball, location: 2F
2-2: Ball
3-2: SOLO HOME RUN (Line Drive, 78XD, EV 115.6 MPH), Distance : 439 ft
Batting: SHB Hans Mikkelsen 0-0: SINGLE (Groundball, 6D, EV 107.5 MPH)
Batting: LHB Jake Rheaume 0-0: Foul Ball, location: 2F
0-1: Called Strike
0-2: Strikes out looking
Batting: RHB Hiroshige Yamada 0-0: Ball
1-0: Foul Ball, location: 2F
1-1: Called Strike
1-2: Ball
2-2: Strikes out looking
Bottom of the 6th over - 2 runs, 3 hits, 0 errors, 1 left on base; Toronto 6 - Texas 4
TOP OF THE 7TH
Toronto Blue Jays batting - Pitching for Texas Rangers : LHP Dylan Batstone
Pitching: RHP Mike Webb
Batting: SHB Dominik Hasek II 0-0: Ball
1-0: Fly out, F8 (Flyball, 8RM, EV 93.8 MPH)
Batting: RHB C.J. Richerson 0-0: Swinging Strike
0-1: Foul Ball, location: 2F
0-2: Ball
1-2: Ball
2-2: Ball
3-2: Base on Balls
Batting: LHB Nate Dean 0-0: Foul Ball, location: 2F
0-1: Swinging Strike
0-2: Foul Ball, location: 2F
0-2: Fly out, F8 (Flyball, 8LM, EV 91.9 MPH)
Batting: RHB Butch Kaiser 0-0: Ball
1-0: Called Strike
1-1: Called Strike
1-2: Foul Ball, location: 2F
1-2: Ball
C.J. Richerson steals 2nd base (no throw)
2-2: Fly out, F9 (Flyball, 9, EV 89.4 MPH)
Top of the 7th over - 0 runs, 0 hits, 0 errors, 1 left on base; Toronto 6 - Texas 4
BOTTOM OF THE 7TH
Texas Rangers batting - Pitching for Toronto Blue Jays : LHP Spencer Jones
Now at 2B: Nate Dean
Now at SS: Mike Harkins
Batting: RHB John Peterson 0-0: Ball
1-0: Ground out 2-3 (Groundball, 15S, EV 70.0 MPH)
Batting: LHB Sean Geisler 0-0: Ball
1-0: Foul Ball, location: 2F
1-1: Swinging Strike
1-2: Foul Ball, location: 2F
1-2: Fly out, F8 (Flyball, 8LD, EV 83.1 MPH)
Batting: SHB Tony Prado 0-0: Called Strike
0-1: Ball
1-1: Foul Ball, location: 2F
1-2: Ball
2-2: Fly out, F9 (Flyball, 9LSF, EV 94.4 MPH)
Bottom of the 7th over - 0 runs, 0 hits, 0 errors, 0 left on base; Toronto 6 - Texas 4
TOP OF THE 8TH
Toronto Blue Jays batting - Pitching for Texas Rangers : RHP Mike Webb
Pitching: RHP Danny Nsoah
Batting: RHB Brock Van Gilder 0-0: Ball
1-0: Ball
2-0: Foul Ball, location: 2F
2-1: SINGLE (Groundball, 56S, EV 66.9 MPH) (infield hit)
Pitching: RHP Kyle Curve
Batting: RHB Donny Burnside 0-0: Fly out, F8 (Flyball, 89M, EV 88.8 MPH)
Batting: RHB Danny Burnside 0-0: Called Strike
0-1: Ball
1-1: Called Strike
1-2: Strikes out swinging
Brock Van Gilder steals 2nd, throwing error, E2
Brock Van Gilder to third
Batting: SHB Matt Altieri 0-0: Called Strike
0-1: Ball
1-1: Ball
2-1: Ground out 5-3 (Groundball, 56, EV 111.9 MPH)
Top of the 8th over - 0 runs, 1 hit, 1 error, 1 left on base; Toronto 6 - Texas 4
BOTTOM OF THE 8TH
Texas Rangers batting - Pitching for Toronto Blue Jays : LHP Spencer Jones
Pitching: RHP Pimbly Nimblebottom
Batting: RHB Imbart Faber 0-0: Ball
1-0: Swinging Strike
1-1: Called Strike
1-2: Ball
2-2: Strikes out looking
Batting: SHB John Giesbrecht 0-0: Ball
1-0: Ball
2-0: Called Strike
2-1: Foul Ball, location: 2F
2-2: DOUBLE (Flyball, 8LXD, EV 95.0 MPH)
Batting: RHB Blake Ballard 0-0: Called Strike
0-1: Ball
1-1: Ball
2-1: Ball
3-1: Called Strike
3-2: Ground out 4-3 (Groundball, 4, EV 87.5 MPH)
John Giesbrecht to third
Batting: SHB Hans Mikkelsen 0-0: Foul Ball, location: 2F
0-1: Swinging Strike
0-2: Foul Ball, location: 2F
0-2: Ball
1-2: Strikes out swinging
Bottom of the 8th over - 0 runs, 1 hit, 0 errors, 1 left on base; Toronto 6 - Texas 4
TOP OF THE 9TH
Toronto Blue Jays batting - Pitching for Texas Rangers : RHP Kyle Curve
Pitching: RHP Mark Lopez
Batting: RHB Efrain Vargas 0-0: Called Strike
0-1: Ball
1-1: Foul Ball, location: 2F
1-2: Ball
2-2: Ball
3-2: Base on Balls
Batting: SHB Dominik Hasek II 0-0: Fly out, F9 (Flyball, 9D, EV 105.6 MPH)
Batting: RHB Mike Harkins 0-0: Ball
1-0: Ball
2-0: Foul Ball, location: 2F
2-1: Foul Ball, location: 2F
2-2: Foul Ball, location: 2F
2-2: SINGLE (Line Drive, 9S, EV 100.0 MPH)
Efrain Vargas to second
Batting: LHB Nate Dean 0-0: Ball
1-0: Ground out U3 (Groundball, 34S, EV 71.9 MPH)
Efrain Vargas to third
Mike Harkins to second
Batting: RHB Butch Kaiser 0-0: Foul Ball, location: 2F
0-1: Foul Ball, location: 2F
0-2: Ball
1-2: Strikes out looking
Top of the 9th over - 0 runs, 1 hit, 0 errors, 2 left on base; Toronto 6 - Texas 4
BOTTOM OF THE 9TH
Texas Rangers batting - Pitching for Toronto Blue Jays : RHP Pimbly Nimblebottom
Pitching: RHP Zach Ault
Batting: LHB Jake Rheaume 0-0: Ball
1-0: Called Strike
1-1: DOUBLE (Line Drive, 78M, EV 90.0 MPH)
Batting: RHB Hiroshige Yamada 0-0: Ball
1-0: Swinging Strike
1-1: Ball
2-1: Called Strike
2-2: Ball
3-2: Strikes out swinging
Batting: RHB John Peterson 0-0: Ball
1-0: DOUBLE (Line Drive, 7LM, EV 101.9 MPH)
Jake Rheaume scores
Batting: LHB Sean Geisler 0-0: Fly out, F8 (Flyball, 89D, EV 95.0 MPH)
Runner from 2nd tags up, SAFE at 3rd, no throw by CF
Batting: SHB Tony Prado 0-0: Called Strike
0-1: Ball
1-1: Ball
2-1: SINGLE (Line Drive, 8LS, EV 112.5 MPH)
John Peterson scores
Pitching: RHP Ray Scifo
Batting: RHB Imbart Faber 0-0: Called Strike
0-1: Called Strike
0-2: Foul Ball, location: 2F
0-2: Ball
1-2: Foul Ball, location: 2F
1-2: 2-RUN HOME RUN (Flyball, 9LD, EV 93.8 MPH), Distance : 339 ft
Bottom of the 9th over - 4 runs, 4 hits, 0 errors, 0 left on base; Toronto 6 - Texas 8
Sunday, July 16th , 2023 - OOTP Baseball 24.6 Build 69